 Dungeon Crawl Stone Soup version 0.31-a0-819-gf6de2f5ab6 (webtiles) character file.

Game seed: 5264271587741891908

9331 Shayle the Fighter (level 11, -1/119 HPs)
             Began as an Ogre Hexslinger on Sept 23, 2023.
             Was a Priest of Makhleb.
             Slain by a skyshark (8 damage)
             ... on level 2 of the Lair of Beasts.
             The game lasted 00:22:33 (10638 turns).

Shayle the Fighter (Ogre Hexslinger)               Turns: 10638, Time: 00:22:34

Health: -1/119     AC:  7    Str: 14    XL:     11   Next: 44%
Magic:  17/17      EV: 11    Int: 18    God:    Makhleb [***...]
Gold:   39         SH: 14    Dex: 11    Spells: 11/14 levels left

rFire   + . .        B - +11 Singing Sword {sonic wave}
rCold   + . .        k - +4 kite shield
rNeg    . . .        n - +2 robe {rC+ rF+}
rPois   .            I - +2 hat
rElec   .            (no cloak)
rCorr   .            (gloves unavailable)
SInv    +            (boots unavailable)
Will    +....        y - amulet of magic regeneration
Stlth   +            f - ring of wizardry
HPRegen 0.39/turn    g - ring of see invisible
MPRegen 0.55/turn

%: wizardry (x1)
@: no status effects
A: large, unfitting armour, tough skin 1
a: Renounce Religion, Minor Destruction, Lesser Servant of Makhleb


You were on level 2 of the Lair of Beasts.
You worshipped Makhleb.
Makhleb was most pleased with you.
You visited 3 branches of the dungeon, and saw 13 of its levels.

You collected 573 gold pieces.
You spent 534 gold pieces at shops.

Inventory:

Hand Weapons
 a - a +1 sling
 p - a +2 hand axe of electrocution
 s - the +8 sling of the Charred God {antimagic, Drain rF+ Str+4 Dex+3}
   (You found it on level 5 of the Dungeon)

   Str+4:     It affects your strength (+4).
   Dex+3:     It affects your dexterity (+3).
   rF+:       It protects you from fire.
   Drain:     It drains your maximum health when unequipped.
 B - the +11 Singing Sword (weapon) {sonic wave}
   (You found it on level 8 of the Dungeon)
 C - a +6 trident of freezing
Missiles
 c - 5 large rocks (quivered)
 K - 2 throwing nets
Armour
 k - a +4 kite shield (worn)
 n - a +2 robe of resistance (worn)
 I - a +2 hat (worn)
Jewellery
 f - a ring of wizardry (left hand)
 g - a ring of see invisible (right hand)
 q - a ring of fire
 u - a ring of protection from cold
 y - an amulet of magic regeneration (around neck)
Wands
 o - a wand of digging (6)
 H - a wand of flame (7)
Scrolls
 b - 5 scrolls of poison
 d - 5 scrolls of teleportation
 i - a scroll of immolation
 r - 2 scrolls of vulnerability
 A - a scroll of fear
 D - 2 scrolls of fog
Potions
 e - a potion of invisibility {unknown}
 h - 2 potions of degeneration
 j - a potion of brilliance
 l - 3 potions of haste
 m - 5 potions of mutation
 t - 2 potions of attraction
 v - a potion of ambrosia {unknown}
 w - 2 potions of curing
 x - a potion of resistance {unknown}
 z - a potion of cancellation
 F - a potion of magic {unknown}
 G - a potion of lignification {unknown}


   Skills:
 + Level 10.9 Fighting
 + Level 4.9 Long Blades
 - Level 1.3 Ranged Weapons
 + Level 7.8 Dodging
 + Level 8.1 Shields
 - Level 2.0 Spellcasting
 - Level 2.6 Hexes
 - Level 1.5 Fire Magic
 + Level 9.1 Invocations


You had 11 spell levels left.
You knew the following spells:

 Your Spells              Type           Power      Damage    Failure   Level
a - Mephitic Cloud        Conj/Pois/Air  1%         N/A       45%         3

Your spell library contained the following spells:

 Spells                   Type           Power      Damage    Failure   Level
 Slow                     Hex            44%        N/A       6%          1
 Jinxbite                 Hex            22%        N/A       9%          2
 Ensorcelled Hibernation  Hex/Ice        12%        N/A       16%         2
 Kiss of Death            Conj/Necr      4%         2d5       17%         1
 Magic Dart               Conj           4%         1d3       17%         1
 Confusing Touch          Hex            11%        N/A       17%         3
 Sigil of Binding         Hex            11%        N/A       17%         3
 Tukima's Dance           Hex            11%        N/A       17%         3
 Inner Flame              Hex/Fire       9%         N/A       22%         3
 Call Imp                 Summ           2%         N/A       26%         2
 Lesser Beckoning         Tloc           2%         N/A       26%         2
 Gell's Gravitas          Tloc           1%         N/A       45%         3
 Teleport Other           Tloc           1%         N/A       45%         3
 Cause Fear               Hex            5%         N/A       50%         4
 Dimensional Bullseye     Hex/Tloc       3%         N/A       67%         4
 Flame Wave               Conj/Fire      4%         2d5       75%         4
 Sticky Flame             Conj/Fire      4%         2d3       75%         4
 Dispel Undead            Necr           1%         3d6       85%         4
 Summon Ice Beast         Ice/Summ       1%         N/A       85%         4
 Summon Mana Viper        Hex/Summ       6%         N/A       94%         5
 Monstrous Menagerie      Summ           0%         N/A       100%        7


Dungeon Overview and Level Annotations

Branches:
Dungeon (10/15)            Temple (1/1) D:5            Lair (1/5) D:8
    Orc (0/2) D:9

Altars:
Ashenzari
Cheibriados
Dithmenos
Elyvilon
Fedhas
Gozag
Hepliaklqana
Kikubaaqudgha
Makhleb
Nemelex Xobeh
Okawaru
Qazlal
Ru
Sif Muna
Trog
Uskayaw
Vehumet
Wu Jian
Xom
Yredelemnul
Zin
The Shining One

Shops:
D:5 [?[*   D:6 *   D:7 **   D:8 [   D:9 *


Innate Abilities, Weirdness & Mutations

You are too large for most types of armour.
You have tough skin. (AC +1)


Message History

The skyshark tail-slaps you but does no damage.
You block the skyshark's attack. The skyshark bites you!
The skyshark tail-slaps you but does no damage.
The skyshark closely misses you.
You slash the skyshark!
The skyshark is moderately wounded.
The skyshark bites you but does no damage.
The skyshark barely misses you. The skyshark closely misses you.
You block the skyshark's attack. The skyshark closely misses you.
The skyshark tail-slaps you!
Unknown command.
You slice the skyshark!!
The skyshark is heavily wounded.
A nearby plant withers and dies. x2; A nearby fungus withers and dies.
The skyshark bites you! You block the skyshark's attack.
The skyshark barely misses you. You block the skyshark's attack. x2
The skyshark tail-slaps you!
Unknown command.
You slash the skyshark!
The skyshark is severely wounded.
A nearby plant withers and dies.
You block the skyshark's attack. The skyshark tail-slaps you.
The skyshark misses you. The skyshark bites you!
* * * LOW HITPOINT WARNING * * *
You block the skyshark's attack. x2
Unknown command.
You slash the skyshark!
The Singing Sword judges, "You're not an artist, at best an artisan."
You send a blast of sound all around you.
The skyshark is severely wounded. x2
You hear an angry hiss.
You hear a croak.
You hear a bellow!
You block the skyshark's attack. The skyshark tail-slaps you.
* * * LOW HITPOINT WARNING * * *
The skyshark barely misses you.
The skyshark bites you but does no damage.
You block the skyshark's attack. The skyshark tail-slaps you!
* * * LOW HITPOINT WARNING * * *
The skyshark bites you!
* * * LOW HITPOINT WARNING * * *
You block the skyshark's attack. The skyshark tail-slaps you!
You die...

############## ##
#######............####.
.................†......
#.P###@#P####..##.P...#
#l### #######...# ##..#
#.... #...# #...# ##.##
#...# #..# #...#
#..######. #....
#.....P..+ .....
#......... .....P


You could see a skyshark (berserk).

Vanquished Creatures
  Harold (D:9)
  A death yak (Lair:1)
  Urug (D:10)
  A deep elf pyromancer (D:7)
  4 unseen horror zombies (D:9)
  2 cane toads
  A hornet (D:7)
  A slime creature (D:7)
  A wyvern (D:7)
  2 yaks (D:10)
  A wraith (D:7)
  2 steam dragons (D:7)
  A vampire mosquito (D:7)
  An acid dragon (D:9)
  3 water moccasins
  A black bear (D:6)
  A sky beast (D:7)
  6 ice beasts
  A phantom (D:6)
  A kobold brigand (D:8)
  15 bullfrogs
  6 scorpions
  9 wights
  5 killer bees (D:9)
  An electric eel (Lair:1)
  2 howler monkeys
  2 centaur zombies (D:9)
  A jelly (D:6)
  A hound (D:7)
  5 orc priests
  2 gnoll boudas
  4 iguanas
  6 orc wizards
  Natasha (thrice) (D:3)
  A howler monkey zombie (D:9)
  4 gnolls (D:9)
  6 adders
  3 shadow imps
  A white imp (D:8)
  2 ufetubi (D:5)
  2 worms
  34 orcs
  8 endoplasms
  4 goblins
  8 hobgoblins
  6 jackals
  A quokka (D:5)
  7 ball pythons
  8 bats
  A frilled lizard (D:2)
  10 kobolds
  5 rats
206 creatures vanquished.

Vanquished Creatures (others)
  2 orcs (D:7)
2 creatures vanquished.

Grand Total: 208 creatures vanquished

Notes
Turn   | Place    | Note
-------+----------+-------------------------------------------
     0 | D:1      | Shayle the Ogre Hexslinger began the quest for the Orb.
     0 | D:1      | Reached XP level 1. HP: 19/19 MP: 2/2
    30 | D:1      | Reached skill level 1 in Fire Magic
    95 | D:1      | Reached XP level 2. HP: 18/28 MP: 4/4
   515 | D:1      | Found a faded altar of an unknown god.
   673 | D:1      | Reached skill level 2 in Fighting
   701 | D:1      | Reached skill level 1 in Invocations
   778 | D:1      | Reached XP level 3. HP: 32/35 MP: 5/5
  1791 | D:3      | Reached XP level 4. HP: 44/44 MP: 7/7
  2112 | D:3      | Noticed Natasha
  2121 | D:3      | Killed Natasha
  2386 | D:3      | Noticed Natasha
  2395 | D:3      | Killed Natasha
  2395 | D:3      | Noticed Natasha
  2396 | D:3      | Reached skill level 3 in Fighting
  2396 | D:3      | Reached skill level 1 in Shields
  2396 | D:3      | Reached XP level 5. HP: 36/53 MP: 8/8
  2452 | D:3      | Killed Natasha
  3295 | D:4      | Reached XP level 6. HP: 48/62 MP: 9/9
  3829 | D:4      | Reached skill level 4 in Fighting
  4212 | D:5      | Entered Level 5 of the Dungeon
  4255 | D:5      | Found Duigata's Armour Shop.
  4255 | D:5      | Found a staircase to the Ecumenical Temple.
  4441 | Temple   | Entered the Ecumenical Temple
  4455 | Temple   | Became a worshipper of Makhleb the Destroyer
  4471 | D:5      | Noticed an animated crystal plate armour
  4473 | D:5      | Found Miutol's Armour Shop.
  4478 | D:5      | Noticed an animated gold dragon scales
  4496 | D:5      | Found Obay's Magic Scroll Emporium.
  4508 | D:5      | Bought a scroll of fear for 40 gold pieces
  4508 | D:5      | Bought 2 scrolls of enchant armour for 150 gold pieces
  4508 | D:5      | Bought a scroll of teleportation for 30 gold pieces
  4508 | D:5      | Bought a scroll of teleportation for 30 gold pieces
  4700 | D:5      | Found a shadowy altar of Dithmenos.
  4700 | D:5      | Found a hazy altar of Hepliaklqana.
  4706 | D:5      | Found a shimmering altar of Xom.
  4708 | D:5      | Found a bloodstained altar of Trog.
  4709 | D:5      | Found a radiant altar of Vehumet.
  4757 | D:5      | Reached XP level 7. HP: 69/71 MP: 10/10
  4793 | D:5      | Found Ekhofiw's General Store.
  4922 | D:5      | Identified the +8 sling of the Charred God {antimagic,
                  | Drain rF+ Str+4 Dex+3}
  5094 | D:6      | Found Cogec's Blasphemy Boutique.
  5278 | D:6      | Reached skill level 5 in Fighting
  5459 | D:6      | Got a dusty book
  5565 | D:6      | Reached XP level 8. HP: 83/83 MP: 11/11
  5879 | D:7      | Reached * piety under Makhleb
  5961 | D:7      | Noticed a wyvern
  5969 | D:7      | Killed a wyvern
  5970 | D:7      | Reached skill level 6 in Fighting
  5970 | D:7      | Reached skill level 5 in Invocations
  6183 | D:7      | Reached skill level 5 in Dodging
  6183 | D:7      | Noticed a wraith
  6183 | D:7      | Noticed a hornet
  6284 | D:8      | Found an iron altar of Okawaru.
  6335 | D:8      | Reached skill level 7 in Fighting
  6475 | D:8      | Found Sokagod's Armour Emporium.
  6480 | D:8      | Reached skill level 5 in Shields
  6480 | D:8      | Reached XP level 9. HP: 91/93 MP: 13/13
  6768 | D:8      | Found an opulent altar of Gozag.
  6770 | D:8      | Found an ornate altar of the Wu Jian Council.
  6771 | D:8      | Found a sacrificial altar of Ru.
  6911 | D:8      | Found the +11 Singing Sword {sonic wave}
  7051 | D:8      | Reached ** piety under Makhleb
  7093 | D:7      | Reached skill level 8 in Fighting
  7159 | D:7      | Found Ziorrain's Assorted Antiques.
  7160 | D:7      | Found Feim Esch's Assorted Antiques.
  7240 | D:7      | Noticed a deep elf pyromancer
  7253 | D:7      | Killed a deep elf pyromancer
  7254 | D:7      | Reached skill level 1 in Long Blades
  7358 | D:7      | Reached XP level 10. HP: 100/106 MP: 15/15
  7359 | D:7      | Reached skill level 9 in Fighting
  8380 | D:8      | Found a staircase to the Lair.
  8676 | Lair:1   | Entered Level 1 of the Lair of Beasts
  8698 | Lair:1   | Noticed a death yak
  8705 | Lair:1   | Noticed a cane toad
  8722 | D:8      | Killed a cane toad
  9262 | D:9      | Reached *** piety under Makhleb
  9263 | D:9      | Reached skill level 10 in Fighting
  9289 | D:9      | Found a staircase to the Orcish Mines.
  9423 | D:9      | Reached XP level 11. HP: 63/118 MP: 17/17
  9444 | D:9      | Noticed Harold
  9649 | D:8      | Bought a +2 hat for 224 gold pieces
  9727 | D:5      | Bought a scroll of identify for 20 gold pieces
  9727 | D:5      | Bought a scroll of identify for 20 gold pieces
  9727 | D:5      | Bought a scroll of identify for 20 gold pieces
  9822 | D:9      | Found Rletucon's Retail Resort.
  9836 | D:9      | Learned a level 3 spell: Mephitic Cloud
  9945 | D:9      | Killed Harold
  9999 | D:10     | Entered Level 10 of the Dungeon
  9999 | D:10     | Noticed Urug
 10005 | D:10     | Killed Urug
 10188 | Lair:1   | Killed a death yak
 10563 | Lair:1   | You fall into a shaft and drop 1 floor!
 10622 | Lair:2   | Noticed a skyshark
 10638 | Lair:2   | Slain by a skyshark

Illustrated notes

Levels and vault maps discovered:
D:1:      ncdulo_watergridlock, layout_loops_ring, basic_ecumenical_altar,
          minmay_misc_feat_room
D:2:      layout_basic
D:3:      layout_loops_ring, uniq_natasha
D:4:      layout_loops_ring, minmay_misc_feat_tower, serial_bayou_crossing
D:5:      layout_basic, chequers_temple_overflow_minitemple,
          minmay_temple_entry_grid, serial_shops, nicolae_shop_tiny_waterfront,
          shop, nicolae_shop_mannequins, nicolae_shop_peninsula
D:6:      layout_cave_pools, serial_park, serial_park_tiny_2,
          serial_park_square1 [serial_park_minivault_5x5_5],
          serial_park_square2, serial_park_avenue1, cheibrodos_sewer_entry_bend,
          dk_noncrumbling_2, nicolae_evil_shop
D:7:      nzn_winding_woodlands_cross [nzn_winding_woodlands_5x15_zeroes,
          nzn_winding_woodlands_5x15_crooked, nzn_winding_woodlands_5x15_jagged,
          nzn_winding_woodlands_5x15_default,
          nzn_winding_woodlands_15x15_five_gardens], layout_cave_pools,
          nicolae_wooded_promenade
D:8:      old_forge, layout_rooms, gammafunk_temple_overflow_forgotten,
          nicolae_overflow_crystal_walls, lair_entry_dummy, serial_shops, shop,
          kennysheep_nub, minivault_26
D:9:      layout_basic, orc_0_dummy, serial_undead, serial_undead_c,
          serial_undead_d, serial_undead_a, serial_undead_a,
          nicolae_alphabet_shops, uniq_harold
D:10:     layout_loops_ring, uniq_joseph, uniq_urug, uniq_snorg
Temple:   compressed_dpeg_triangle_lava_temple
Lair:1:   layout_misc_corridors, grunt_megastairs_2, infiniplex_staircase_pool
Lair:2:   layout_regular_city, nicolae_swamp_entry_splash_gauntlet,
          nicolae_volcano_entry_vermiform, infiniplex_staircase_pool_2,
          grunt_megastairs_3

Skill      XL: |  1  2  3  4  5  6  7  8  9 10 11 |
---------------+----------------------------------+-----
Fire Magic     | 1 |  1.5
Dodging        | 2 3 4 5 6 7 |  7.8
Fighting       | 2 3 4 5 7 8 10 | 10.9
Invocations    | 1 2 3 4 5 7 8 9 |  9.1
Spellcasting   | 2 |  2.0
Shields        | 1 2 3 5 6 7 8 |  8.1
Long Blades    | 2 4 |  4.9
Ranged Weapons | |  1.3
Hexes          | |  2.6

Action                     |  1- 3 |  4- 6 |  7- 9 | 10-12 || total
---------------------------+-------+-------+-------+-------++-------
  Melee: Hand axe          |   111 |   174 |   176 |       ||   461
         Double sword      |       |       |    38 |   131 ||   169
   Fire: Sling             |     6 |       |       |       ||     6
  Evoke: Wand              |       |       |     2 |    15 ||    17
    Use: Scroll            |       |    10 |     4 |     8 ||    22
   Stab: Sleeping          |     2 |       |       |       ||     2
 Armour: Robe              |    96 |   137 |   171 |   134 ||   538
  Dodge: Dodged            |    58 |    73 |    95 |    80 ||   306
  Block: Kite shield       |     7 |    89 |   174 |   144 ||   414

Table legend: (Time is in decaauts)
 A = Elapsed time spent in this place.
 B = Non-inter-level travel time spent in this place.
 C = Inter-level travel time spent in this place.
 D = Time resting spent in this place.
 E = Time spent auto-exploring this place.
 F = Levels seen in this place.
 G = Mean time per level.
                   A        B        C        D        E       F      G
               +--------+--------+--------+--------+--------+-----+--------+
         Total |  10978 |  10140 |    838 |   1799 |   5644 |  13 |  844.5 |
       Dungeon |  10481 |   9658 |    823 |   1597 |   5491 |  10 | 1048.1 |
        Temple |     27 |     14 |     13 |      0 |      0 |   1 |   27.0 |
          Lair |    469 |    467 |      2 |    202 |    153 |   2 |  234.5 |
               +--------+--------+--------+--------+--------+-----+--------+

Top non-repeatable levels by time:
     D:8: 1671 daAuts
     D:7: 1408 daAuts
     D:3: 1404 daAuts
     D:4: 1257 daAuts
     D:9: 1035 daAuts
     D:2: 1017 daAuts
     D:5: 955 daAuts
     D:6: 888 daAuts
     D:1: 831 daAuts
  Lair:1: 389 daAuts
  Lair:2: 79 daAuts
  Temple: 27 daAuts
    D:10: 10 daAuts
